 Dungeon Crawl Stone Soup version 0.30.1-11-g7821555f0a (webtiles) character file.

Game seed: 8929073012887386434

7089 bnorton916 the Thaumaturge (level 10, -1/50 HPs)
             Began as a Deep Elf Conjurer on Dec 11, 2023.
             Was an Initiate of Gozag.
             Shot with an arrow by a centaur (13 damage)
             ... on level 9 of the Dungeon.
             The game lasted 00:18:36 (11603 turns).

bnorton916 the Thaumaturge (Deep Elf Conjurer)     Turns: 11603, Time: 00:18:37

Health: -1/50      AC:  5    Str: 12    XL:     10   Next: 84%
Magic:  22/29      EV: 27    Int: 26    God:    Gozag
Gold:   1685       SH:  0    Dex: 13    Spells: 24/35 levels left

rFire   . . .        n - +2 spear (flame)
rCold   + . .        (no shield)
rNeg    . . .        I - +2 robe {Archmagi}
rPois   .            u - +1 hat
rElec   .            (no cloak)
rCorr   .            (no gloves)
SInv    .            (no boots)
Will    +....        g - amulet of the acrobat
Stlth   ++           e - +6 ring of strength
HPRegen 0.28/turn    v - ring of protection from cold
MPRegen 0.21/turn

%: acrobat, archmagi
@: acrobatic
A: no striking features
a: Renounce Religion, Potion Petition, Call Merchant, Bribe Branch


You were on level 9 of the Dungeon.
You worshipped Gozag.
Gozag was most pleased with you.
You visited 2 branches of the dungeon, and saw 10 of its levels.
You also visited: Sewer.

You collected 1742 gold pieces.
You paid 57 gold pieces to Gozag.

Inventory:

Hand Weapons
 n - a +2 spear of flaming (weapon)
 G - a +4 halberd of chaos
Missiles
 y - 32 poisoned darts
Armour
 a - a +0 robe
 o - the +0 leather armour of the King of the Hill {rPois}
   (You found it on level 3 of the Dungeon)

   rPois:     It protects you from poison.
 u - a +1 hat (worn)
 F - a +0 robe of willpower
 I - a +2 robe of the Archmagi (worn)
Magical Staves
 k - a staff of cold
 N - a staff of air
Jewellery
 e - a +6 ring of strength (left hand)
 g - an amulet of the acrobat (around neck)
 v - a ring of protection from cold (right hand)
 H - an amulet of guardian spirit
 K - an amulet of reflection
Wands
 f - a wand of digging (7)
 C - a wand of quicksilver (13)
 J - a wand of paralysis (3)
 O - a wand of roots (6)
Scrolls
 j - a scroll of enchant weapon
 l - 2 scrolls of noise
 p - 4 scrolls of teleportation
 q - a scroll of poison
 s - 3 scrolls of amnesia
 t - 2 scrolls of immolation {unknown}
 w - a scroll of fear {unknown}
 D - a scroll of vulnerability
 E - 2 scrolls of silence
 M - a scroll of enchant armour {unknown}
 P - a scroll of blinking {unknown}
Potions
 b - 2 potions of magic
 c - 4 potions of brilliance {unknown}
 d - 2 potions of flight {unknown}
 h - 2 potions of curing
 i - a potion of mutation {unknown}
 m - 2 potions of haste {unknown}
 r - 2 potions of attraction {unknown}
 x - a potion of berserk rage {unknown}
 z - 2 potions of heal wounds {unknown}
 A - 2 potions of lignification {unknown}
 B - 3 potions of resistance {unknown}
 L - 2 potions of cancellation {unknown}


   Skills:
 + Level 2.4 Dodging
 - Level 2.4 Stealth
 + Level 13.1 Spellcasting
 + Level 11.7 Conjurations
 - Level 8.4 Hexes
 - Level 6.9 Translocations


You had 24 spell levels left.
You knew the following spells:

 Your Spells              Type           Power      Damage    Failure   Level
a - Magic Dart            Conj           100%       1d8       1%          1
b - Searing Ray           Conj           100%       2d8       1%          2
c - Fulminant Prism       Conj/Hex       40%        3d19      1%          4
d - Iskenderun's Mystic   Conj/Tloc      78%        2d16      1%          4

Your spell library contained the following spells:

 Spells                   Type           Power      Damage    Failure   Level
 Blink                    Tloc           100%       N/A       1%          2
 Lesser Beckoning         Tloc           100%       N/A       1%          2
 Momentum Strike          Conj/Tloc      100%       3d10      1%          2
 Dazzling Flash           Conj/Hex       100%       N/A       1%          3
 Gell's Gravitas          Tloc           69%        N/A       1%          3
 Teleport Other           Tloc           69%        N/A       1%          3
 Necrotise                Necr           100%       1d9       3%          1
 Vampiric Draining        Necr           25%        2d7       10%         3
 Summon Mana Viper        Hex/Summ       55%        N/A       16%         5
 Summon Forest            Summ/Tloc      26%        N/A       22%         5
 Dispersal                Tloc           34%        N/A       28%         6
 Agony                    Necr           25%        N/A       67%         5
 Summon Cactus Giant      Summ           12%        N/A       99%         6


Dungeon Overview and Level Annotations

Branches:
Dungeon (9/15)             Temple (1/1) D:5           Sewer (visited)
   Lair: D:8-11         Orc: D:9-12

Altars:
Ashenzari
Dithmenos
Elyvilon
Fedhas
Gozag
Hepliaklqana
Kikubaaqudgha
Makhleb
Nemelex Xobeh
Okawaru
Qazlal
Ru
Sif Muna
Trog
Uskayaw
Vehumet
Wu Jian
Xom
Yredelemnul
The Shining One
Lugonu

Annotations:
D:7 Joseph


Message History

The splash of acid hits you!!
Ouch! That really hurt!
The acid corrodes you!
Casting: Magic Dart (safe; 1% risk of failure)
Confirm with . or Enter, or press ? or * to list all spells.
Aiming: Fulminant Prism (dangerous; 1% risk of failure)
Press: ? - help, Dir - move target, p - centaur
Okay, then.
The centaur shoots an arrow.
The arrow closely misses you.
The centaur shoots an arrow.
The arrow closely misses you.
There is an open door, spattered with blood here.
The centaur shoots an arrow.
The arrow hits you!
* * * LOW HITPOINT WARNING * * *
The centaur shoots an arrow.
The arrow misses you.
You close the door.
Items here: )) [[.
Casting: Fulminant Prism (dangerous; 1% risk of failure)
Confirm with . or Enter, or press ? or * to list all spells.
Aiming: Fulminant Prism (dangerous; 1% risk of failure)
Press: ? - help, Dir - move target You feel a surge of power!
You conjure a prism of explosive energy!
A fulminant prism comes into view.
Unknown command.
The centaur shoots an arrow.
The arrow misses you.
Your fulminant prism crackles loudly.
Your fulminant prism explodes!
You are no longer corroded.
Casting: Fulminant Prism (dangerous; 1% risk of failure)
Confirm with . or Enter, or press ? or * to list all spells.
Aiming: Fulminant Prism (dangerous; 1% risk of failure)
Press: ? - help, Dir - move target You feel a surge of power!
You conjure a prism of explosive energy!
A fulminant prism comes into view.
The centaur shoots an arrow.
The arrow closely misses you.
Unknown command.
The centaur shoots an arrow.
The arrow hits you!
You die...
Your body crumbles into a pile of gold.

#...#).........
###...#####...# ##.c#
#...# #.[#####...#
#####..........#
#......*..##....#
#..........#....#
#........#......#+###+#
###########.@..........
#.)..........
##...........
#.#.).......
#.#.........
#.#..[......
#.#>........
#.#######... #.).....#
..


You could see a centaur (ally target) and a friendly fulminant prism.

Vanquished Creatures
  A two-headed ogre (D:8)
  Erica (D:8)
  Pikel (D:7)
  Grinder (D:4)
  Prince Ribbit (D:8)
  A hornet (D:8)
  Sigmund (D:4)
  Eustachio (D:4)
  11 yaks (D:9)
  A steam dragon (D:8)
  A black bear (D:5)
  3 ice beasts
  An orc warrior (D:6)
  A sky beast (D:6)
  4 ogres
  A phantom (D:6)
  A kobold brigand (D:7)
  A lemure (D:7)
  5 bullfrogs
  3 scorpions
  4 wights (D:6)
  3 howler monkeys (D:8)
  4 hounds
  4 jellies
  3 iguanas
  3 orc priests
  A sleepcap (D:6)
  A gnoll bouda (D:9)
  Natasha (D:2)
  8 orc wizards
  Robin (D:4)
  9 gnolls
  7 adders
  A river rat (D:5)
  3 white imps
  An ufetubus (D:6)
  A worm (D:3)
  3 dart slugs
  16 orcs
  15 ball pythons
  9 endoplasms
  8 giant cockroaches
  16 goblins
  14 hobgoblins
  8 jackals
  2 quokkas
  5 bats
  9 frilled lizards
  12 kobolds
  12 rats
225 creatures vanquished.

Vanquished Creatures (others)
  30 fulminant prisms
30 creatures vanquished.

Grand Total: 255 creatures vanquished

Notes
Turn   | Place    | Note
-------+----------+-------------------------------------------
     0 | D:1      | bnorton916 the Deep Elf Conjurer began the quest for the
                  | Orb.
     0 | D:1      | Reached XP level 1. HP: 10/10 MP: 6/6
   161 | D:1      | Reached XP level 2. HP: 15/15 MP: 1/8
   262 | D:1      | Learned a level 2 spell: Searing Ray
   504 | D:1      | Reached skill level 4 in Spellcasting
   878 | D:1      | Reached skill level 5 in Conjurations
   878 | D:1      | Reached XP level 3. HP: 19/19 MP: 6/10
  1248 | D:2      | Reached XP level 4. HP: 24/24 MP: 0/12
  1532 | D:2      | Reached skill level 5 in Spellcasting
  1722 | D:2      | Learned a level 4 spell: Fulminant Prism
  1727 | D:2      | Learned a level 4 spell: Iskenderun's Mystic Blast
  2236 | D:2      | Reached XP level 5. HP: 28/28 MP: 12/14
  2314 | D:2      | Noticed Natasha
  2319 | D:2      | Killed Natasha
  2320 | D:2      | Reached skill level 1 in Hexes
  2666 | D:3      | Identified the +0 leather armour of the King of the Hill
                  | {rPois}
  2754 | D:3      | Reached skill level 1 in Translocations
  2864 | D:3      | Found a white marble altar of Elyvilon.
  2978 | D:3      | Found an opulent altar of Gozag.
  2982 | D:3      | Became a worshipper of Gozag Ym Sagoz the Greedy
  2997 | D:3      | Found an ornate altar of the Wu Jian Council.
  3011 | D:3      | Found a shimmering blue altar of Sif Muna.
  3014 | D:3      | Found an iron altar of Okawaru.
  3692 | D:4      | Reached XP level 6. HP: 32/32 MP: 12/16
  3925 | D:4      | Reached skill level 6 in Spellcasting
  4140 | D:4      | Noticed Sigmund
  4141 | D:4      | Noticed Grinder
  4143 | D:4      | Noticed Eustachio
  4148 | D:4      | Killed Sigmund
  4149 | D:4      | Reached XP level 7. HP: 10/36 MP: 9/18
  4255 | D:4      | Killed Eustachio
  4362 | D:4      | Killed Grinder
  4363 | D:4      | Reached skill level 7 in Spellcasting
  4718 | D:4      | Noticed Robin
  4784 | D:4      | Killed Robin
  5081 | D:5      | Entered Level 5 of the Dungeon
  5135 | D:5      | Found a glowing drain.
  5159 | Sewer    | Entered a sewer
  5195 | Sewer    | Reached XP level 8. HP: 41/41 MP: 17/21
  5259 | Sewer    | Reached skill level 5 in Hexes
  5778 | Sewer    | Found a viscous altar of Jiyva.
  6002 | D:5      | Found a staircase to the Ecumenical Temple.
  6419 | D:5      | Reached skill level 8 in Spellcasting
  6542 | Temple   | Entered the Ecumenical Temple
  6886 | D:6      | Reached skill level 5 in Translocations
  7580 | D:6      | Reached XP level 9. HP: 45/45 MP: 18/23
  7587 | D:6      | Reached skill level 9 in Spellcasting
  8218 | D:6      | Found a bloodstained altar of Trog.
  8502 | D:7      | Noticed Pikel
  8504 | D:7      | Noticed Joseph
  8515 | D:7      | Killed Pikel
  9002 | D:7      | Found a shadowy altar of Dithmenos.
  9119 | D:7      | Reached skill level 10 in Spellcasting
  9431 | D:7      | Found a blossoming altar of Fedhas.
  9431 | D:7      | Found an ancient bone altar of Kikubaaqudgha.
  9509 | D:8      | Noticed a two-headed ogre
  9518 | D:8      | Killed a two-headed ogre
  9519 | D:8      | Reached XP level 10. HP: 50/50 MP: 5/26
  9800 | D:8      | Noticed Erica
  9811 | D:8      | Killed Erica
  9812 | D:8      | Reached skill level 11 in Spellcasting
  9812 | D:8      | Reached skill level 10 in Conjurations
 10361 | D:8      | Found a shimmering altar of Xom.
 10510 | D:8      | Found a radiant altar of Vehumet.
 10510 | D:8      | Noticed Prince Ribbit
 10520 | D:8      | Killed Prince Ribbit
 11002 | D:9      | Reached skill level 12 in Spellcasting
 11432 | D:9      | Reached skill level 13 in Spellcasting
 11603 | D:9      | Shot with an arrow by a centaur

Illustrated notes

Levels and vault maps discovered:
D:1:      roderic_dead_forest, layout_basic, minmay_tromino_v4_a
D:2:      layout_basic, uniq_natasha
D:3:      layout_basic, mainiacjoe_overflow_six_doors_small,
          grunt_temple_overflow_cloverleaf, serial_bayou_lagoon_a,
          grunt_decor_junction
D:4:      layout_cave_pools, uniq_grinder, uniq_robin, uniq_sigmund,
          uniq_eustachio
D:5:      layout_basic, minmay_temple_entry_sparse_star,
          cheibrodos_sewer_entry_sluice
D:6:      layout_loops_ring, trog_antimagical
D:7:      layout_basic, grunt_temple_overflow_growth_and_decay,
          lemuel_tele_altar, uniq_joseph, uniq_pikel
D:8:      layout_cave_pools, vehumet_crystals, marbit_many_paths,
          uniq_prince_ribbit1, uniq_erica
D:9:      layout_basic, serial_shops, shop
Temple:   kb_corrupted_temple

Skill      XL: |  1  2  3  4  5  6  7  8  9 10 |
---------------+-------------------------------+-----
Spellcasting   | 4 5 6 7 8 10 13 | 13.1
Conjurations   | 5 6 7 8 9 11 | 11.7
Hexes          | 2 3 4 6 8 |  8.4
Translocations | 1 3 4 5 6 |  6.9
Dodging        | |  2.4
Stealth        | |  2.4

Action                     |  1- 3 |  4- 6 |  7- 9 | 10-12 || total
---------------------------+-------+-------+-------+-------++-------
  Melee: Spear             |       |       |     1 |     1 ||     2
         Unarmed           |       |       |     1 |       ||     1
   Cast: Magic Dart        |    58 |    91 |   140 |    18 ||   307
         Searing Ray       |     2 |     9 |    39 |    25 ||    75
         Fulminant Prism   |       |     2 |    17 |    12 ||    31
         Iskenderun's Myst |       |       |     6 |     1 ||     7
    Use: Potion            |       |     1 |       |       ||     1
         Scroll            |       |       |    10 |       ||    10
 Armour: Robe              |     1 |       |    10 |     1 ||    12
  Dodge: Dodged            |     3 |    12 |    51 |    27 ||    93
